 Dungeon Crawl Stone Soup version 0.24.0-37-gcf1ca852f1 (webtiles) character file.

Game seed: 5709023477564124284, levelgen mode: deterministic

1097 Peloso the Slasher (level 8, -7/67 HPs)
             Began as a Minotaur Fighter on Dec 6, 2019.
             Mangled by an orc warrior
             ... wielding a +0 long sword of slicing
              (14 damage)
             ... on level 5 of the Dungeon.
             The game lasted 00:10:38 (4763 turns).

Peloso the Slasher (Minotaur Fighter)               Turns: 4763, Time: 00:10:38

Health: -7/67      AC: 14    Str: 27    XL:     8   Next: 10%
Magic:  7/7        EV:  8    Int:  5    God:
Gold:   219        SH:  0    Dex: 11    Spells: 7/7 levels left

rFire    . . .     SeeInvis +   a - +1 long sword
rCold    . . .     Gourm    .   c - +0 shield
rNeg     . . .     Faith    .   v - +0 chain mail
rPois    .         Spirit   .   (helmet restricted)
rElec    .         Reflect  .   e - +2 cloak
rCorr    .         Harm     .   t - +0 pair of gloves
MR       .....                  (no boots)
Stlth    ..........             (no amulet)
HPRegen  0.21/turn              i - ring of see invisible
MPRegen  0.10/turn              (no ring)

@: confused, mighty
A: retaliatory headbutt, horns 2
a: no special abilities


You were on level 5 of the Dungeon.
You were not hungry.

You visited 2 branches of the dungeon, and saw 7 of its levels.

You collected 219 gold pieces.

Inventory:

Hand Weapons
 a - a +1 long sword (weapon)
Armour
 b - a +0 scale mail
 c - a +0 shield (worn)
 e - a +2 cloak (worn)
 k - a +1 cloak
 t - a +0 pair of gloves (worn)
 v - a +0 chain mail (worn)
Jewellery
 i - a ring of see invisible (left hand)
Wands
 y - a wand of polymorph (8)
Scrolls
 g - 3 scrolls of remove curse
 h - 3 scrolls of enchant weapon
 j - a scroll of amnesia
 o - 7 scrolls of fear {unknown}
 p - a scroll of noise {unknown}
 r - 3 scrolls of teleportation {unknown}
 w - a scroll of immolation {unknown}
Potions
 l - a potion of haste {unknown}
 m - a potion of ambrosia
 n - a potion of invisibility
 q - a potion of lignification {unknown}
 s - a potion of berserk rage {unknown}
 u - a potion of degeneration {unknown}
 x - a potion of cancellation {unknown}
Comestibles
 f - 9 rations
 z - a chunk of flesh


   Skills:
 + Level 4.9 Fighting
 + Level 7.1 Long Blades
 + Level 6.1 Armour
 + Level 2.9 Dodging
 + Level 0.2 Stealth
 + Level 6.9 Shields


You had 7 spell levels left.
You didn't know any spells.
Your spell library contained the following spells:

 Spells                   Type           Power        Failure   Level  Hunger
 Summon Small Mammal      Summ           #...         100%        1    ##.....
 Call Imp                 Summ           #.......     100%        2    ###....
 Call Canine Familiar     Summ           #.......     100%        3    ####...
 Summon Guardian Golem    Hex/Summ       #.......     100%        3    ####...
 Summon Ice Beast         Ice/Summ       #.......     100%        4    #####..
 Summon Lightning Spire   Summ/Air       #.......     100%        4    #####..


Dungeon Overview and Level Annotations

Branches:
Dungeon (6/15)             Temple (1/1) D:5

Altars:
Ashenzari
Cheibriados
Dithmenos
Elyvilon
Fedhas
Gozag
Hepliaklqana
Kikubaaqudgha
Makhleb
Nemelex Xobeh
Qazlal
Ru
Trog
Uskayaw
Wu Jian
Yredelemnul
Zin
The Shining One


Innate Abilities, Weirdness & Mutations

You reflexively headbutt those who attack you in melee.
You have a pair of horns on your head.


Message History

Unknown command.
You barely miss the orc warrior. Your headbutt misses the orc warrior.
The orc warrior is moderately wounded.
The orc warrior hits you with a +0 long sword of slicing!
* * * LOW HITPOINT WARNING * * *
x2 The orc hits you but does no damage.
You completely miss the orc warrior. Your headbutt misses the orc warrior.
The orc warrior is moderately wounded.
You block the orc's attack.
The orc warrior hits you with a +0 long sword of slicing.
* * * LOW HITPOINT WARNING * * *
x2 You block the orc's attack.
You are confused.
You feel invigorated.
The orc warrior hits you with a +0 long sword of slicing.
* * * LOW HITPOINT WARNING * * *
x2 The orc barely misses you.
Unknown command.
The orc warrior hits you with a +0 long sword of slicing!
You die...

#.########################
#.# #######......#.... #.#
#....##.####.#.##. #.#
#....##.#.##.#.##. #.#
#....##.#.......#. #.#
#.........##.##... #.#
#o..[............. #.#
#.>..(............ #.#
#@o...((........#. #.#
#.....#.#.##.##.#. #.#
##....#.#.##.##.#. #.#
#....#.#[##.##.#.
#.########....#.#(##.##.#.
#..........(....#<##....#.
#########.......#########+
#####.......#....(....
#...........#.######..


You could see an orc warrior and an orc.

Vanquished Creatures
  2 phantoms (D:5)
  3 ogres
  2 centaurs (D:5)
  A scorpion (D:5)
  2 howler monkeys (D:5)
  A crimson imp (D:5)
  A hound (D:5)
  2 orc wizards
  Crazy Yiuf (D:3)
  A worker ant (D:5)
  2 worker ant zombies
  3 gnolls (D:3)
  2 adders
  An adder skeleton (D:5)
  5 worms
  5 dart slugs
  4 leopard geckos
  16 orcs
  11 bats
  6 giant cockroaches
  12 goblins
  8 hobgoblins
  13 jackals
  5 kobolds
  3 quokkas
  2 frilled lizards
  6 rats
120 creatures vanquished.

Notes
Turn   | Place    | Note
-------+----------+-------------------------------------------
     0 | D:1      | Peloso the Minotaur Fighter began the quest for the Orb.
     0 | D:1      | Reached XP level 1. HP: 19/19 MP: 0/0
   133 | D:1      | Reached XP level 2. HP: 27/27 MP: 1/1
   699 | D:1      | Reached XP level 3. HP: 33/33 MP: 2/2
   889 | D:2      | Found a stormy altar of Qazlal.
   891 | D:2      | Noticed a fire elemental
   891 | D:2      | Noticed an earth elemental
   892 | D:2      | Noticed a water elemental
   892 | D:2      | Noticed an air elemental
   908 | D:2      | Reached skill level 3 in Long Blades
  1013 | D:2      | Found a sparkling altar of Nemelex Xobeh.
  1122 | D:2      | Reached XP level 4. HP: 37/40 MP: 3/3
  1163 | D:2      | Found a snail-covered altar of Cheibriados.
  1567 | D:3      | Found a basalt altar of Yredelemnul.
  1580 | D:3      | Reached skill level 1 in Dodging
  1660 | D:3      | Noticed an ogre
  2102 | D:4      | Noticed an ogre
  2109 | D:4      | Killed an ogre
  2109 | D:4      | Reached skill level 4 in Long Blades
  2109 | D:4      | Reached skill level 5 in Shields
  2109 | D:4      | Reached XP level 5. HP: 8/46 MP: 4/4
  2927 | D:5      | Entered Level 5 of the Dungeon
  2973 | D:5      | Noticed a centaur
  2975 | D:5      | Found a shattered altar of Ashenzari.
  2979 | D:5      | Killed a centaur
  2979 | D:5      | Reached skill level 5 in Armour
  2979 | D:5      | Reached XP level 6. HP: 48/53 MP: 5/5
  3270 | D:5      | Reached skill level 5 in Long Blades
  3308 | D:5      | Reached XP level 7. HP: 44/60 MP: 6/6
  3320 | D:5      | Found a staircase to the Ecumenical Temple.
  3339 | Temple   | Entered the Ecumenical Temple
  3767 | D:5      | Reached skill level 6 in Long Blades
  4284 | D:3      | Reached XP level 8. HP: 54/67 MP: 7/7
  4410 | D:3      | Found a faded altar of an unknown god.
  4462 | D:3      | Found a runed translucent door.
  4463 | D:3      | Noticed Crazy Yiuf
  4647 | D:3      | Killed Crazy Yiuf
  4647 | D:3      | Reached skill level 7 in Long Blades
  4763 | D:5      | Mangled by an orc warrior

Levels and vault maps discovered:
D:1:      wander_arrival_chamber, layout_basic
D:2:      layout_loops_ring, nicolae_qazlal_style_of_elements,
          nemelex_xobeh_ov_fountains_minmay, lemuel_doored_altar
D:3:      layout_basic, old_standard_altar, first_ration,
          chequers_ecumenical_altar_twisty, minmay_misc_feat_encased,
          uniq_crazy_yiuf_cottage
D:4:      layout_cave_pools, serial_column_ruins, column_ruins_hut_ruined,
          column_ruins_open_tiny, column_ruins_open_tiny,
          column_ruins_corridor_straight, column_ruins_open_medium,
          column_ruins_columns_dead_end, column_ruins_open_tiny,
          column_ruins_open_tiny
D:5:      layout_basic, temple_fountains, cheibrodos_ashenzari_chains
D:6:      layout_rooms, minivault_1, trog_eyes_of_draining, uniq_blork_the_orc
Temple:   cyrus_circular_temple

Skill      XL: |  1  2  3  4  5  6  7  8 |
---------------+-------------------------+-----
Armour         | 4 5 6 |  6.1
Fighting       | 4 |  4.9
Shields        | 4 5 6 |  6.9
Long Blades    | 3 4 5 6 7 |  7.1
Dodging        | 1 2 |  2.9
Stealth        | |  0.2

Action                   |  1- 3 |  4- 6 |  7- 9 || total
-------------------------+-------+-------+-------++-------
Melee: Long sword        |   100 |   110 |   113 ||   323
       Headbutt          |    14 |    23 |    23 ||    60
  Use: Potion            |     3 |     1 |     2 ||     6
       Scroll            |       |     5 |       ||     5
  Eat: Chunk             |       |     7 |     6 ||    13
Armor: Scale mail        |    67 |    29 |       ||    96
       Chain mail        |       |     8 |    59 ||    67
Dodge: Dodged            |    41 |    39 |    29 ||   109
Block: Shield            |    65 |    64 |    73 ||   202
       Rpst.: Long sword |    13 |    13 |     8 ||    34
